[Event "2026 European Womens Championship"]
[Site "Batumi, GE"]
[Date "2026.05.29"]
[Round "5"]
[White "Piddubna, Bozhena"]
[Black "Javakhishvili, Lela"]
[Result "1/2-1/2"]
[Board "67"]
[TimeControl "5400+30"]
[WhiteFideId "34109293"]
[BlackFideId "13601458"]
[WhiteElo "2235"]
[BlackElo "2442"]
[WhiteTitle "WIM"]
[BlackTitle "IM"]
[WhiteClock "0:02:31"]
[BlackClock "0:07:00"]
[Variant "Standard"]

1. e4 c5 2. c3 Nf6 3. e5 Nd5 4. Nf3 e6 5. d4 cxd4 6. cxd4 d6 7. Bc4 Be7 8. O-O O-O 9. Qe2 a6 10. Rd1 b5 11. Bd3 Nd7 12. Nc3 Nxc3 13. bxc3 Bb7 14. a4 bxa4 15. Rxa4 Qc7 16. Rc4 Qa5 17. Rb4 Bd5 18. Rb1 dxe5 19. Nxe5 Nxe5 20. dxe5 Qxc3 21. Bd2 Qc6 22. Rdc1 Qd7 23. Bxa6 Rfb8 24. Bb5 Qd8 25. Be3 Be4 26. Bb6 Rxb6 27. Qxe4 Rab8 28. Bd3 g6 29. Rxb6 Qxb6 30. Rb1 Qd8 31. Rxb8 1/2-1/2

[Event "2026 European Womens Championship"]
[Site "Batumi, GE"]
[Date "2026.05.29"]
[Round "5"]
[White "Buksa, Nataliya"]
[Black "Szczotka, Klara"]
[Result "1-0"]
[Board "68"]
[TimeControl "5400+30"]
[WhiteFideId "14123622"]
[BlackFideId "21858845"]
[WhiteElo "2392"]
[BlackElo "2241"]
[WhiteTitle "IM"]
[BlackTitle "WFM"]
[WhiteClock "0:09:21"]
[BlackClock "0:00:57"]
[Variant "Standard"]

1. e4 c6 2. d4 d5 3. f3 g6 4. Be3 Bg7 5. Nc3 Qb6 6. Qd2 Qxb2 7. Rb1 Qa3 8. exd5 Nf6 9. Bc4 O-O 10. Nge2 Nbd7 11. dxc6 bxc6 12. O-O Nb6 13. Bd3 Rd8 14. Rb3 Qa5 15. Bf2 Be6 16. Rbb1 Nc4 17. Qc1 Nd7 18. Rd1 Ndb6 19. Ne4 Na4 20. Rb7 Rdb8 21. Rxe7 Bd5 22. Bh4 Nab2 23. Rf1 Nxd3 24. cxd3 Nb2 25. Qe3 Qb5 26. Nf4 Bxa2 27. Re1 Rf8 28. Nf6+ Kh8 29. Nd7 Rg8 30. Bf6 Qb4 31. Qe5 Be6 32. Bxg7+ Rxg7 33. Nxe6 1-0

[Event "2026 European Womens Championship"]
[Site "Batumi, GE"]
[Date "2026.05.29"]
[Round "5"]
[White "Maltsevskaya, Aleksandra"]
[Black "Rapport, Jovana"]
[Result "1/2-1/2"]
[Board "69"]
[TimeControl "5400+30"]
[WhiteFideId "24174041"]
[BlackFideId "937266"]
[WhiteElo "2390"]
[BlackElo "2235"]
[WhiteTitle "IM"]
[BlackTitle "WGM"]
[WhiteClock "0:02:39"]
[BlackClock "0:06:20"]
[Variant "Standard"]

1. d4 Nf6 2. c4 g6 3. Nf3 Bg7 4. g3 c6 5. Bg2 d5 6. O-O O-O 7. b3 Ne4 8. Bb2 Nd7 9. Nc3 Nxc3 10. Bxc3 Nf6 11. Nd2 Bf5 12. Re1 Qd7 13. a4 Rad8 14. e3 Rfe8 15. c5 Ne4 16. Nxe4 Bxe4 17. f3 Bf5 18. b4 h5 19. Ra2 Bh3 20. f4 Bg4 21. Qb3 h4 22. b5 hxg3 23. hxg3 Bf6 24. Rb2 Kg7 25. a5 Rh8 26. a6 bxa6 27. bxc6 Qxc6 28. e4 dxe4 29. Bxe4 Qc7 30. Qc4 Bc8 31. d5 Bxc3 32. Qxc3+ Kg8 33. Bf3 Bf5 34. c6 Bc8 35. Rbe2 Qb6+ 36. Qe3 e6 37. dxe6 Bxe6 38. Qxb6 axb6 39. c7 Rf8 40. Rxe6 fxe6 41. Rxe6 Rc8 42. Rxg6+ Kf8 43. Rxb6 Rxc7 44. f5 Rc1+ 45. Kf2 Rh2+ 46. Ke3 Rc3+ 47. Ke4 a5 48. Ra6 Ra3 49. f6 Kf7 50. Bg4 Rxg3 51. Kf5 Rf2+ 52. Ke4 1/2-1/2

[Event "2026 European Womens Championship"]
[Site "Batumi, GE"]
[Date "2026.05.29"]
[Round "5"]
[White "Efroimski, Marsel"]
[Black "Kirtadze, Anastasia"]
[Result "0-1"]
[Board "70"]
[TimeControl "5400+30"]
[WhiteFideId "2810964"]
[BlackFideId "13622714"]
[WhiteElo "2386"]
[BlackElo "2233"]
[WhiteTitle "IM"]
[BlackTitle "WIM"]
[WhiteClock "0:00:58"]
[BlackClock "0:01:02"]
[Variant "Standard"]

1. e4 c5 2. Nf3 e6 3. d4 cxd4 4. Nxd4 Nf6 5. Nc3 Nc6 6. Nxc6 bxc6 7. e5 Nd5 8. Ne4 Qc7 9. f4 Qb6 10. a3 f5 11. exf6 Nxf6 12. Nxf6+ gxf6 13. Qh5+ Kd8 14. Bd3 d5 15. Qf7 Be7 16. Qg7 Rf8 17. Qxh7 Bd7 18. Be2 Bc5 19. Qd3 e5 20. Qa6 Qb8 21. Qa5+ Bb6 22. Qd2 Re8 23. f5 e4 24. Qf4 Bc7 25. Qh6 Be5 26. c3 Kc7 27. Qh3 Rh8 28. Bh5 Be8 29. g4 c5 30. O-O Qb5 31. a4 Qc4 32. Bf4 Bxh5 33. Bxe5+ fxe5 34. gxh5 Rag8+ 35. Kf2 Qb3 36. Rab1 Qc2+ 0-1

[Event "2026 European Womens Championship"]
[Site "Batumi, GE"]
[Date "2026.05.29"]
[Round "5"]
[White "Ibrahimova, Sabina"]
[Black "Kulon, Klaudia"]
[Result "0-1"]
[Board "71"]
[TimeControl "5400+30"]
[WhiteFideId "13403893"]
[BlackFideId "1131044"]
[WhiteElo "2205"]
[BlackElo "2377"]
[WhiteTitle "WIM"]
[BlackTitle "IM"]
[WhiteClock "0:00:39"]
[BlackClock "0:05:37"]
[Variant "Standard"]

1. Nf3 d5 2. g3 c5 3. Bg2 Nf6 4. O-O g6 5. c4 d4 6. d3 Bg7 7. e3 dxe3 8. Bxe3 Ng4 9. Bc1 Nc6 10. Nc3 O-O 11. Ne4 b6 12. h3 Nh6 13. Rb1 Bd7 14. Re1 Rc8 15. a3 a5 16. Nc3 Nf5 17. Bf4 h6 18. Nb5 g5 19. Bd2 Be6 20. Bc3 Qd7 21. Qd2 Nfd4 22. Bxd4 cxd4 23. Kh2 Bf5 24. Rbc1 a4 25. Qe2 Rfe8 26. Nd2 Na5 27. Nf3 Nb3 28. Rcd1 Nc5 29. Ng1 Bg6 30. Bd5 e6 31. Bf3 Re7 32. Bg4 f5 33. Bh5 Bxh5 34. Qxh5 e5 35. Nf3 Rf8 36. Re2 Re6 37. Rde1 Nxd3 38. Nfxd4 Ree8 39. Rd1 Nc5 40. Rde1 Nd3 41. Rd1 e4 42. Nc2 Rc8 43. Ne3 Rc6 44. Nc3 Qe6 45. Ned5 Ne5 46. Nxa4 Nxc4 47. Nac3 Ne5 48. Nb4 Rc5 49. Nc2 Kh7 50. Nd4 Qf6 51. Kg2 Nd3 52. Ne6 Qxe6 53. Rxd3 Qc6 54. Rd1 f4 55. Kh2 e3 56. fxe3 fxg3+ 57. Kg1 Rcf5 58. Rg2 Rf2 59. Rxg3 Be5 60. Qg4 Bxg3 61. Qxg3 Rxb2 62. Nd5 Rd2 63. Qg4 Qxd5 64. Rxd2 Qxd2 65. Qe4+ Kg7 66. Qe5+ Rf6 67. Qe7+ Kg6 68. Qe4+ Kf7 69. Qb7+ Ke8 70. Qb8+ Qd8 0-1

[Event "2026 European Womens Championship"]
[Site "Batumi, GE"]
[Date "2026.05.29"]
[Round "5"]
[White "Antova, Gabriela"]
[Black "Beydullayeva, Govhar"]
[Result "1/2-1/2"]
[Board "72"]
[TimeControl "5400+30"]
[WhiteFideId "2915235"]
[BlackFideId "13413015"]
[WhiteElo "2203"]
[BlackElo "2368"]
[WhiteTitle "WGM"]
[BlackTitle "WGM"]
[WhiteClock "0:08:41"]
[BlackClock "0:19:52"]
[Variant "Standard"]

1. e4 c5 2. Nf3 d6 3. d4 cxd4 4. Nxd4 Nf6 5. Nc3 a6 6. Rg1 Nc6 7. g4 Nxd4 8. Qxd4 e5 9. Qa4+ Bd7 10. Qb3 b5 11. g5 Be6 12. gxf6 Bxb3 13. axb3 gxf6 14. Nd5 Kd7 15. Bxb5+ axb5 16. Rxa8 Qxa8 17. Nb6+ Kc6 18. Nxa8 Kb7 19. Be3 Kxa8 20. Ke2 f5 21. Ra1+ Kb7 22. exf5 d5 23. c3 b4 24. Ra7+ Kc6 25. Rxf7 Bd6 26. Bh6 Ra8 27. cxb4 Ra2 28. Bc1 Ra1 29. Bd2 Rb1 30. b5+ Kxb5 31. f6 Rxb2 32. Rxh7 Kc6 33. Rh4 d4 34. Kd1 1/2-1/2

[Event "2026 European Womens Championship"]
[Site "Batumi, GE"]
[Date "2026.05.29"]
[Round "5"]
[White "Mkrtchian, Lilit"]
[Black "Orian, Noga"]
[Result "1/2-1/2"]
[Board "73"]
[TimeControl "5400+30"]
[WhiteFideId "13300601"]
[BlackFideId "2836475"]
[WhiteElo "2366"]
[BlackElo "2231"]
[WhiteTitle "IM"]
[BlackTitle "WIM"]
[WhiteClock "0:14:27"]
[BlackClock "0:24:58"]
[Variant "Standard"]

1. c4 e5 2. Nc3 Nf6 3. e3 c5 4. Nf3 Nc6 5. d4 cxd4 6. exd4 exd4 7. Nxd4 Bb4 8. Ndb5 O-O 9. a3 Re8+ 10. Be2 Bxc3+ 11. Nxc3 d5 12. cxd5 Ne7 13. d6 Nf5 14. O-O Qxd6 15. Qxd6 Nxd6 16. Rd1 Re6 17. Bf4 Nfe8 18. Bxd6 Nxd6 19. Bc4 Rg6 20. Nb5 Bh3 21. Nxd6 Rxg2+ 22. Kh1 Rxf2 23. Nxf7 Rxf7 24. Rac1 Re8 25. Re1 Rxe1+ 26. Rxe1 Kf8 27. Bxf7 Kxf7 28. Rc1 Be6 29. Rc7+ Kf6 30. Kg1 Bd5 31. Kf2 Bc6 32. Ke3 h5 33. b4 a6 34. Rc8 g5 35. Rf8+ Kg6 36. Kd4 g4 37. Ke5 Kg5 38. Rf5 Kh4 39. Kf6 Be4 40. Re5 Bf3 41. Rg5 Be4 42. Re5 Bf3 43. Rf5 Be4 44. Re5 Bf3 1/2-1/2

[Event "2026 European Womens Championship"]
[Site "Batumi, GE"]
[Date "2026.05.29"]
[Round "5"]
[White "Skvortsova, Alena"]
[Black "Mkrtchyan, Mariam"]
[Result "0-1"]
[Board "74"]
[TimeControl "5400+30"]
[WhiteFideId "24166251"]
[BlackFideId "13310828"]
[WhiteElo "2135"]
[BlackElo "2365"]
[WhiteTitle "WFM"]
[BlackTitle "WGM"]
[WhiteClock "0:01:04"]
[BlackClock "0:21:13"]
[Variant "Standard"]

1. e4 e6 2. d4 d5 3. Nd2 h6 4. Bd3 c5 5. dxc5 Bxc5 6. Ngf3 Nf6 7. Qe2 O-O 8. O-O Nc6 9. c3 a5 10. e5 Nd7 11. Nb3 Ba7 12. Nbd4 Bb8 13. Bf4 Nc5 14. Bc2 f5 15. h4 a4 16. Rfd1 Ne4 17. Qe3 Bd7 18. g3 Na5 19. b3 Ba7 20. Rac1 Rc8 21. Bxe4 fxe4 22. Nd2 Qe8 23. b4 Nc4 24. Nxc4 Rxc4 25. a3 Qg6 26. Qd2 Qg4 27. Be3 Bb8 28. Qe2 Qxe2 29. Nxe2 Bxe5 30. Bc5 Rc8 31. Rd2 Bf6 32. Nd4 e5 33. Nc2 Rxc3 34. Rxd5 Be6 35. Rd2 Bb3 36. Kf1 b6 37. Bxb6 Bxc2 0-1

[Event "2026 European Womens Championship"]
[Site "Batumi, GE"]
[Date "2026.05.29"]
[Round "5"]
[White "Milliet, Sophie"]
[Black "Mamedjarova, Turkan"]
[Result "1-0"]
[Board "75"]
[TimeControl "5400+30"]
[WhiteFideId "623725"]
[BlackFideId "13402005"]
[WhiteElo "2361"]
[BlackElo "2222"]
[WhiteTitle "IM"]
[BlackTitle "WGM"]
[WhiteClock "0:26:47"]
[BlackClock "0:26:25"]
[Variant "Standard"]

1. Nf3 Nf6 2. c4 e6 3. g3 d5 4. Bg2 c5 5. d4 Nc6 6. O-O Be7 7. cxd5 exd5 8. Nc3 c4 9. b3 cxb3 10. Qxb3 O-O 11. Bf4 h6 12. Rfd1 Na5 13. Qb1 Bd7 14. Ne5 Be6 15. Qd3 Rc8 16. Rab1 a6 17. a4 Bd6 18. Bd2 Qc7 19. f4 g6 20. g4 Nc4 21. Be1 Rfd8 22. h3 h5 23. Bh4 Be7 24. Nxg6 fxg6 25. Qxg6+ Kf8 26. Bxf6 Bxf6 27. Qxf6+ Qf7 28. Qh8+ Qg8 29. Qh6+ Ke8 30. Rxb7 Nd6 31. Rg7 1-0

[Event "2026 European Womens Championship"]
[Site "Batumi, GE"]
[Date "2026.05.29"]
[Round "5"]
[White "Rudzinska, Michalina"]
[Black "Gaponenko, Inna"]
[Result "1/2-1/2"]
[Board "76"]
[TimeControl "5400+30"]
[WhiteFideId "1172883"]
[BlackFideId "14101181"]
[WhiteElo "2200"]
[BlackElo "2331"]
[WhiteTitle "WGM"]
[BlackTitle "IM"]
[WhiteClock "0:00:34"]
[BlackClock "0:07:07"]
[Variant "Standard"]

1. e4 c5 2. Nf3 Nc6 3. d4 cxd4 4. Nxd4 Nf6 5. Nc3 d6 6. Bg5 e6 7. Qd2 Be7 8. O-O-O Nxd4 9. Qxd4 O-O 10. f4 Qa5 11. Kb1 Rd8 12. Qd2 Bd7 13. Bd3 h6 14. h4 Kf8 15. Qe2 Bc6 16. e5 dxe5 17. fxe5 hxg5 18. hxg5 Ng8 19. Rdf1 Bxg5 20. Rh5 Bh6 21. g4 Rac8 22. g5 Bd5 23. gxh6 Nxh6 24. Rxh6 gxh6 25. Qh5 Rc7 26. Qxh6+ Ke8 27. Bb5+ Bc6 28. Qh8+ Ke7 29. Qf6+ Ke8 30. Qh8+ Ke7 31. Qf6+ Ke8 32. Rh1 Re7 33. Bxc6+ bxc6 34. Ne4 Rd4 35. Nd6+ Kd7 36. Qh8 Qd8 37. Qh3 Kc7 38. Qa3 Kb8 39. Qc5 Rd5 40. Qb4+ Qb6 41. Qg4 Rd7 42. a3 Rxe5 43. Nc4 Qc5 44. Qf4 f6 45. Nxe5 Qxe5 46. Qxe5+ fxe5 1/2-1/2

[Event "2026 European Womens Championship"]
[Site "Batumi, GE"]
[Date "2026.05.29"]
[Round "5"]
[White "Khukhashvili, Sopiko"]
[Black "Hryzlova, Sofiia"]
[Result "1-0"]
[Board "77"]
[TimeControl "5400+30"]
[WhiteFideId "13602055"]
[BlackFideId "14174669"]
[WhiteElo "2329"]
[BlackElo "2226"]
[WhiteTitle "IM"]
[BlackTitle "WIM"]
[WhiteClock "0:27:34"]
[BlackClock "0:03:52"]
[Variant "Standard"]

1. e4 c5 2. Nf3 d6 3. d4 cxd4 4. Qxd4 Nc6 5. Qe3 g6 6. c4 Bg7 7. h3 Qb6 8. Qd2 Be6 9. Nc3 Rc8 10. b3 Nd4 11. Bb2 Nxf3+ 12. gxf3 Qa5 13. Rd1 Bh6 14. Qd4 Nf6 15. h4 O-O 16. h5 Nxh5 17. Rxh5 gxh5 18. Ke2 Bg7 19. Qd2 h6 20. f4 Bd7 21. f5 Qe5 22. Bh3 Qh2 23. Nd5 Bxb2 24. Qxh6 Rfe8 25. f6 exf6 26. Bxd7 Qg2 27. Bxc8 Rxe4+ 28. Ne3 Qg5 29. Qxg5+ fxg5 30. Rxd6 b6 31. Rd8+ Kg7 32. Kd3 Rf4 33. Nf5+ Kf6 34. Rd6+ Ke5 35. Rd5+ Kf6 36. Ng3 Kg6 37. Bf5+ Kh6 38. Rd6+ f6 39. Rd7 1-0

[Event "2026 European Womens Championship"]
[Site "Batumi, GE"]
[Date "2026.05.29"]
[Round "5"]
[White "Ismayil, Malak"]
[Black "Mammadova, Gulnar"]
[Result "1/2-1/2"]
[Board "78"]
[TimeControl "5400+30"]
[WhiteFideId "13412604"]
[BlackFideId "13403508"]
[WhiteElo "2122"]
[BlackElo "2325"]
[WhiteTitle "WIM"]
[BlackTitle "IM"]
[WhiteClock "0:19:45"]
[BlackClock "0:34:08"]
[Variant "Standard"]

1. d4 Nf6 2. Nc3 d5 3. Bf4 c5 4. e3 cxd4 5. exd4 Bg4 6. f3 Bd7 7. Nb5 Bxb5 8. Bxb5+ Nc6 9. c3 e6 10. Ne2 Bd6 11. O-O O-O 12. Qd2 Ne7 13. Bd3 a5 14. a4 Qb6 15. Bg5 Nd7 16. Kh1 f6 17. Bh4 Ng6 18. Bg3 f5 19. Bb5 Nf6 20. Bxd6 Qxd6 21. Rae1 Ne8 22. Nc1 Nc7 23. Nd3 b6 24. Ne5 Nxe5 25. Rxe5 Nxb5 26. axb5 a4 27. Qe2 Rf6 28. Re1 a3 29. bxa3 Rxa3 30. h3 Rxc3 31. Rxe6 Rxe6 32. Qxe6+ Qxe6 33. Rxe6 Rc4 34. Rxb6 Rxd4 1/2-1/2

[Event "2026 European Womens Championship"]
[Site "Batumi, GE"]
[Date "2026.05.29"]
[Round "5"]
[White "Avramidou, Anastasia"]
[Black "Tirpan, Ceren"]
[Result "1/2-1/2"]
[Board "79"]
[TimeControl "5400+30"]
[WhiteFideId "4239873"]
[BlackFideId "26385309"]
[WhiteElo "2320"]
[BlackElo "2209"]
[WhiteTitle "FM"]
[BlackTitle "WFM"]
[WhiteClock "0:08:17"]
[BlackClock "0:03:54"]
[Variant "Standard"]

1. e4 c5 2. Nf3 Nc6 3. d4 cxd4 4. Nxd4 e6 5. Nc3 Qc7 6. Be3 a6 7. Qf3 b5 8. O-O-O Bb7 9. Nxc6 Qxc6 10. Bd3 Nf6 11. e5 Qxf3 12. gxf3 Nd5 13. Nxd5 Bxd5 14. Be4 Bxe4 15. fxe4 Rc8 16. Rhg1 Rc4 17. f3 f6 18. exf6 gxf6 19. Rg2 d6 20. Kd2 Kf7 21. Rdg1 Rc8 22. Kd1 Rd8 23. Ke2 Rc8 24. c3 a5 25. Kd3 d5 26. Bb6 dxe4+ 27. fxe4 a4 28. Be3 e5 29. b3 Be7 30. Rg7+ Ke6 31. Rc1 Rhd8+ 32. Ke2 Rg8 33. Rg3 Rxg3 34. hxg3 axb3 35. axb3 Rg8 36. Bf2 Ra8 37. c4 Ra2+ 38. Kf1 Ba3 39. Rc3 Bb4 40. Rc1 Bd2 41. Rd1 bxc4 42. bxc4 Rc2 43. c5 f5 44. exf5+ Kxf5 45. Rb1 e4 46. Rb3 Kg4 47. Bd4 Rc4 48. Bf2 Bb4 49. c6 Bc3 50. Rb7 Rxc6 51. Rxh7 Kf3 52. g4 Be5 53. Rh3+ Kxg4 54. Rh4+ Kf5 55. Rh5+ Ke6 56. Rh6+ Kd5 57. Rxc6 Kxc6 58. Ke2 Kd5 59. Be3 Bd4 60. Bg5 1/2-1/2

[Event "2026 European Womens Championship"]
[Site "Batumi, GE"]
[Date "2026.05.29"]
[Round "5"]
[White "Krasteva, Beloslava"]
[Black "Olde, Margareth"]
[Result "1-0"]
[Board "80"]
[TimeControl "5400+30"]
[WhiteFideId "2922029"]
[BlackFideId "4503082"]
[WhiteElo "2285"]
[BlackElo "2194"]
[WhiteTitle "WGM"]
[BlackTitle "WIM"]
[WhiteClock "0:15:49"]
[BlackClock "0:01:51"]
[Variant "Standard"]

1. Nf3 Nf6 2. g3 d5 3. Bg2 c5 4. O-O Nc6 5. d3 e5 6. e4 d4 7. a4 h6 8. Na3 Be6 9. Nh4 Nd7 10. Qe1 Be7 11. Nf5 Bxf5 12. exf5 O-O 13. h4 Re8 14. Nc4 Nf6 15. a5 Rc8 16. Qd1 Bf8 17. Re1 Nd5 18. Bd2 Ndb4 19. Rc1 Na2 20. Ra1 Nab4 21. Rc1 Na2 22. Bxc6 Rxc6 23. Ra1 Nb4 24. Nxe5 Rf6 25. Ng4 Rxf5 26. Nxh6+ gxh6 27. Qg4+ Bg7 28. Qxf5 Nxc2 29. Rxe8+ Qxe8 30. Rc1 Qe2 31. Qxc5 Qxd2 32. Qxc2 Qxa5 33. Qc8+ Kh7 34. Qxb7 f5 35. Rc7 Qe1+ 36. Kg2 Qe5 37. Qxa7 1-0

[Event "2026 European Womens Championship"]
[Site "Batumi, GE"]
[Date "2026.05.29"]
[Round "5"]
[White "Schneider, Jana"]
[Black "Liavonava, Yuliya"]
[Result "1-0"]
[Board "81"]
[TimeControl "5400+30"]
[WhiteFideId "12924997"]
[BlackFideId "13524178"]
[WhiteElo "2283"]
[BlackElo "2118"]
[WhiteTitle "WGM"]
[BlackTitle "WFM"]
[WhiteClock "0:14:14"]
[BlackClock "0:01:49"]
[Variant "Standard"]

1. e4 c5 2. Nf3 d6 3. Bb5+ Nd7 4. O-O a6 5. Be2 Ngf6 6. d3 g6 7. c4 Bg7 8. Nc3 O-O 9. d4 cxd4 10. Nxd4 Nc5 11. f3 h5 12. Be3 h4 13. h3 Nh5 14. Qd2 e5 15. Nc2 Ne6 16. Rfd1 Nef4 17. Bf1 Qg5 18. Kh1 Be6 19. b3 Bh6 20. Ne2 Qf6 21. Nxf4 Nxf4 22. Qf2 Rad8 23. Nb4 Kh7 24. Rd2 Nh5 25. Bxh6 Kxh6 26. Qe3+ Kh7 27. Rad1 Qe7 28. Qb6 Ng3+ 29. Kg1 Qg5 30. Rxd6 Rxd6 31. Qxd6 Nh5 32. Qxf8 Qe3+ 33. Kh1 Ng3+ 34. Kh2 Qf4 35. Nd3 Qg5 36. Qc5 Bxh3 37. Qf2 Bc8 38. f4 Qh5 39. Re1 Nxf1+ 40. Qxf1 h3 41. gxh3 1-0

[Event "2026 European Womens Championship"]
[Site "Batumi, GE"]
[Date "2026.05.29"]
[Round "5"]
[White "Koghuashvili, Tekla"]
[Black "Velikic, Adela"]
[Result "0-1"]
[Board "82"]
[TimeControl "5400+30"]
[WhiteFideId "13621564"]
[BlackFideId "913553"]
[WhiteElo "1921"]
[BlackElo "2277"]
[BlackTitle "WIM"]
[WhiteClock "0:35:29"]
[BlackClock "0:01:06"]
[Variant "Standard"]

1. e4 c5 2. c3 Nf6 3. e5 Nd5 4. d4 cxd4 5. cxd4 d6 6. Nf3 Nc6 7. Bc4 dxe5 8. Nxe5 Bf5 9. Qb3 e6 10. Qxb7 Bb4+ 11. Nd2 Nxe5 12. dxe5 O-O 13. Bxd5 Rb8 14. Qc6 Rb6 15. Qc4 exd5 16. Qf4 Bd3 17. a3 Bxd2+ 18. Qxd2 Rb3 19. h4 Re8 20. f4 Bc4 21. Qd4 f6 22. Bd2 fxe5 23. fxe5 Rd3 24. Qf4 Rf8 25. Qg5 Qb6 26. O-O-O Bb3 27. Rdf1 Rc8+ 28. Kb1 Bc2+ 29. Kc1 Ba4+ 30. Kb1 Rxa3 31. b4 Bc2+ 32. Kb2 Rb3+ 0-1

[Event "2026 European Womens Championship"]
[Site "Batumi, GE"]
[Date "2026.05.29"]
[Round "5"]
[White "Tsiganova, Monika"]
[Black "Khotenashvili, Bella"]
[Result "0-1"]
[Board "83"]
[TimeControl "5400+30"]
[WhiteFideId "4500199"]
[BlackFideId "13602640"]
[WhiteElo "2039"]
[BlackElo "2415"]
[WhiteTitle "WIM"]
[BlackTitle "GM"]
[WhiteClock "0:08:15"]
[BlackClock "0:09:52"]
[Variant "Standard"]

1. d4 Nf6 2. c4 g6 3. Nc3 d5 4. Nf3 Bg7 5. Qb3 dxc4 6. Qxc4 O-O 7. e4 c6 8. Be2 a5 9. O-O Na6 10. Rd1 Nb4 11. d5 cxd5 12. exd5 Bf5 13. Nd4 Rc8 14. Qb3 Be4 15. Nxe4 Nxe4 16. Nb5 Qd7 17. Qf3 f5 18. a3 Nxd5 19. Qb3 e6 20. Be3 Nc5 21. Qc4 Nxe3 22. fxe3 Qe7 23. Nd4 Bh6 24. b4 Bxe3+ 25. Kh1 Ne4 0-1

[Event "2026 European Womens Championship"]
[Site "Batumi, GE"]
[Date "2026.05.29"]
[Round "5"]
[White "Osmak, Yuliia"]
[Black "Calzetta Ruiz, Monica"]
[Result "1-0"]
[Board "84"]
[TimeControl "5400+30"]
[WhiteFideId "14101602"]
[BlackFideId "2204185"]
[WhiteElo "2451"]
[BlackElo "2199"]
[WhiteTitle "IM"]
[BlackTitle "WGM"]
[WhiteClock "0:03:13"]
[BlackClock "0:01:21"]
[Variant "Standard"]

1. d4 d5 2. c4 e6 3. Nc3 c5 4. cxd5 exd5 5. Nf3 Nc6 6. g3 Nf6 7. a3 Bg4 8. Be3 Bxf3 9. exf3 c4 10. Bg2 Be7 11. O-O O-O 12. g4 Qa5 13. g5 Ne8 14. f4 Nc7 15. f5 Rfd8 16. Qg4 Rac8 17. f6 Bf8 18. h4 Ne6 19. h5 Rd6 20. g6 Qd8 21. fxg7 Bxg7 22. gxf7+ Kxf7 23. h6 Bxd4 24. Nb5 Bxb2 25. Qf5+ Ke7 26. Qxh7+ Kf6 27. Nxd6 Qxd6 28. Rad1 d4 29. Qxb7 Rg8 30. h7 Rxg2+ 31. Kxg2 Qd5+ 32. f3 Qh5 33. Rh1 Qg6+ 34. Kf1 1-0

[Event "2026 European Womens Championship"]
[Site "Batumi, GE"]
[Date "2026.05.29"]
[Round "5"]
[White "Sivanandan, Bodhana"]
[Black "Peycheva, Gergana"]
[Result "1-0"]
[Board "85"]
[TimeControl "5400+30"]
[WhiteFideId "497592"]
[BlackFideId "2916711"]
[WhiteElo "2374"]
[BlackElo "2186"]
[WhiteTitle "FM"]
[BlackTitle "FM"]
[WhiteClock "0:38:24"]
[BlackClock "0:04:08"]
[Variant "Standard"]

1. e4 c5 2. Nf3 Nc6 3. Bb5 g6 4. O-O Bg7 5. Re1 Nf6 6. c3 O-O 7. d4 d5 8. e5 Ne4 9. Bxc6 bxc6 10. Be3 Rb8 11. Qc1 cxd4 12. cxd4 f6 13. Nc3 g5 14. Nd2 Nxd2 15. Qxd2 h6 16. f4 Qb6 17. b3 Bf5 18. Rac1 Qb4 19. Na4 Qxd2 20. Bxd2 gxf4 21. Bxf4 Rb4 22. Rcd1 fxe5 23. Bxe5 Bxe5 24. Rxe5 e6 25. h3 Rf6 26. Nc5 Rg6 27. Kh2 h5 28. g3 Kg7 29. Re3 a5 30. a3 Rb5 31. Rf1 Rf6 32. Ref3 Rh6 33. Nd7 Rb7 34. Ne5 Rh8 35. Nxc6 Ra8 36. Rc3 Rc8 37. Rfc1 Rxc6 38. Rxc6 Rxb3 39. g4 hxg4 40. hxg4 Bxg4 41. R6c3 Rxc3 42. Rxc3 Kf6 43. Kg3 Bd1 44. Kf4 a4 45. Rh3 Bc2 46. Rh6+ Bg6 47. Kg4 Kf7 48. Kg5 Be4 49. Kf4 Ke7 50. Ke5 Bf5 51. Rh2 Kd7 52. Rb2 Kc6 53. Rb4 Bc2 54. Kxe6 Bb3 55. Rb8 Bc4 56. Rc8+ Kb7 57. Rc5 Kb6 58. Kd6 Bb3 59. Rxd5 Bxd5 60. Kxd5 Kb5 61. Ke6 Kc4 62. d5 Kb3 63. d6 Kxa3 64. d7 Kb2 65. d8=Q a3 66. Qd4+ Kb1 67. Qb4+ 1-0

[Event "2026 European Womens Championship"]
[Site "Batumi, GE"]
[Date "2026.05.29"]
[Round "5"]
[White "Klek, Hanna Marie"]
[Black "Huseynova, Lala"]
[Result "1-0"]
[Board "86"]
[TimeControl "5400+30"]
[WhiteFideId "24670057"]
[BlackFideId "13431781"]
[WhiteElo "2369"]
[BlackElo "2149"]
[WhiteTitle "WGM"]
[BlackTitle "WFM"]
[WhiteClock "0:11:03"]
[BlackClock "0:05:07"]
[Variant "Standard"]

1. e4 c5 2. Nf3 d6 3. d4 cxd4 4. Nxd4 Nf6 5. Nc3 a6 6. Bd3 Nc6 7. Nxc6 bxc6 8. b3 g6 9. Bb2 Bg7 10. Qd2 O-O 11. O-O-O Qa5 12. Kb1 Rd8 13. h3 Kf8 14. f4 d5 15. e5 Nd7 16. Qf2 Nc5 17. g4 Bb7 18. Rhe1 Nxd3 19. Rxd3 c5 20. f5 Kg8 21. Ne2 d4 22. Nf4 c4 23. Rxd4 c3 24. Ra4 Rd2 25. Qg3 Qd8 26. Bxc3 Rd1+ 27. Kb2 Rc8 28. Nd3 Rxe1 29. Qxe1 Qd5 30. f6 exf6 31. exf6 Bf8 32. Rd4 Qg2 33. h4 h6 34. Qd2 Qh1 35. g5 h5 36. Ne5 Be4 37. Rxe4 Rxc3 38. Re1 Qh3 39. Qd7 Qxd7 40. Nxd7 Rc8 41. Nxf8 Kxf8 42. c4 Rd8 43. Kc3 a5 44. a3 Ra8 45. c5 Rb8 46. Kc4 Ra8 47. c6 Rc8 48. Kc5 Rd8 49. c7 1-0

[Event "2026 European Womens Championship"]
[Site "Batumi, GE"]
[Date "2026.05.29"]
[Round "5"]
[White "Maisuradze, Nino"]
[Black "Bulmaga, Irina"]
[Result "0-1"]
[Board "87"]
[TimeControl "5400+30"]
[WhiteFideId "13601717"]
[BlackFideId "13903063"]
[WhiteElo "2198"]
[BlackElo "2361"]
[WhiteTitle "WGM"]
[BlackTitle "IM"]
[WhiteClock "0:27:02"]
[BlackClock "1:00:15"]
[Variant "Standard"]

1. d4 Nf6 2. c4 e6 3. Nc3 Bb4 4. e3 O-O 5. Nge2 Re8 6. a3 Bf8 7. Ng3 d5 8. Be2 b6 9. O-O Bb7 10. b4 c5 11. bxc5 bxc5 12. Rb1 Bc6 13. cxd5 exd5 14. dxc5 Bxc5 15. Qc2 Nbd7 16. Na4 Bxa4 17. Qxa4 Nb6 18. Qa5 Rc8 19. Bb2 Nc4 20. Qxd8 Rexd8 21. Bxc4 dxc4 22. Rfc1 Rb8 23. Bxf6 Rxb1 24. Rxb1 gxf6 25. a4 Ba3 26. Ne2 Bb2 27. g4 c3 28. Kg2 Rd2 29. Nxc3 Bxc3 30. Rb3 Rc2 31. Rb8+ Kg7 32. Rc8 a5 33. Kf3 Rc1 34. Ke4 Bd2 35. Rxc1 Bxc1 36. Kf5 Bb2 37. f4 Bc1 38. e4 h6 39. h4 Bd2 40. e5 fxe5 41. fxe5 Be1 42. h5 Bd2 0-1